 Dungeon Crawl Stone Soup version 0.22-a0-388-g09e6169 (webtiles) character file.

62 Mgcat the Ruffian (level 4, 0/35 HPs)
             Began as a Hill Orc Transmuter on Apr 29, 2018.
             Slain by an adder (1 damage)
             ... on level 2 of the Dungeon.
             The game lasted 00:04:53 (1554 turns).

Mgcat the Ruffian (Hill Orc Transmuter)             Turns: 1554, Time: 00:04:54

Health: 0/35       AC:  2    Str: 12    XL:     4   Next: 8%
Magic:  5/6        EV: 11    Int: 14    God:
Gold:   50         SH:  0    Dex: 11    Spells: 0/6 levels left

rFire    . . .     SeeInvis .     - Unarmed
rCold    . . .     Gourm    .   (no shield)
rNeg     . . .     Faith    .   b - +0 robe
rPois    .         Spirit   .   (no helmet)
rElec    .         Reflect  .   (no cloak)
rCorr    .         Harm     .   (no gloves)
MR       .....                  (no boots)
Stlth    +.........             (no amulet)
HPRegen  0.11/turn              (no ring)
MPRegen  0.10/turn              (no ring)

@: lethally poisoned (0 -> -5), very slightly contaminated, heavily drained
A: no striking features
a: no special abilities


You were on level 2 of the Dungeon.
You were not hungry.

You visited 1 branch of the dungeon, and saw 2 of its levels.

You collected 50 gold pieces.

Inventory:

Missiles
 a - 67 arrows
Armour
 b - a +0 robe (worn)
Scrolls
 c - 2 scrolls of teleportation {unknown}
 f - 4 scrolls of identify {unknown}
 i - 2 scrolls of remove curse {unknown}
Potions
 e - 2 potions of curing {unknown}
 g - 2 potions of heal wounds {unknown}
Comestibles
 d - a ration
 k - a chunk of flesh {@w0}


   Skills:
 - Level 1.2(0.0) Fighting
 - Level 1.5(0.0) Dodging
 + Level 4.3(2.6) Unarmed Combat
 - Level 1.5(0.0) Spellcasting
 + Level 2.4(0.8) Transmutations
 + Level 0.1(0.0) Poison Magic


You couldn't memorise any spells.
You knew the following spells:

 Your Spells              Type           Power        Failure   Level  Hunger
a - Beastly Appendage     Tmut           #.....       22%         1    ##.....
b - Sticks to Snakes      Tmut           #.......     32%         2    ###....
c - Spider Form           Tmut/Pois      #.........   58%         3    ####...


Dungeon Overview and Level Annotations

Branches:
Dungeon (2/15)

Altars:
Kikubaaqudgha


Message History

Unknown command.
Unknown command.
Unknown command.
An adder comes into view.
An adder is nearby!
Unknown command.
The adder hisses angrily.
You barely miss the adder. The adder bites you but does no damage.
The adder bites you.
You miss the adder.
Your horns disappear.
The adder bites you.
You are poisoned.
The adder poisons you!
You hit the adder.
The adder is lightly wounded.
You feel sick. The adder bites you but does no damage.
You hit the adder.
The adder is moderately wounded.
The adder closely misses you.
You closely miss the adder.
The adder is moderately wounded.
The adder closely misses you.
You closely miss the adder.
The adder is moderately wounded.
The adder barely misses you. x2
You hit the adder.
The adder is heavily wounded.
You feel sick. The adder bites you.
You barely miss the adder.
The adder is heavily wounded.
The adder bites you.
You closely miss the adder.
The adder is heavily wounded.
The adder bites you but does no damage. The adder closely misses you.
You miss the adder.
The adder is heavily wounded.
The adder barely misses you.
You closely miss the adder.
The adder is heavily wounded.
You feel sick. The adder barely misses you.
You hit the adder.
The adder is almost dead.
The adder bites you.
You barely miss the adder.
The adder is almost dead.
The adder barely misses you.
You miss the adder.
The adder is almost dead.
The adder bites you. The adder barely misses you.
You barely miss the adder.
The adder is almost dead.
You feel sick.
You are no longer poisoned.
The adder misses you.
You closely miss the adder.
The adder is almost dead.
The adder barely misses you.
You barely miss the adder.
The adder is almost dead.
The adder closely misses you.
You miss the adder.
The adder is almost dead.
The adder bites you.
* * * LOW HITPOINT WARNING * * *
You completely miss the adder.
The adder is almost dead.
The adder barely misses you. The adder closely misses you.
You hit the adder.
The adder is almost dead.
The adder barely misses you.
You barely miss the adder.
The adder is almost dead.
The adder closely misses you.
You hit the adder but do no damage.
The adder is almost dead.
The adder bites you.
* * * LOW HITPOINT WARNING * * *
You are poisoned.
The adder poisons you!
You miss the adder.
The adder is almost dead.
You feel sick. The adder misses you. x2
You miss the adder.
The adder is almost dead.
The adder bites you.
* * * LOW HITPOINT WARNING * * *
You are more poisoned.
The adder poisons you!
You miss the adder.
The adder is almost dead.
You feel sick. The adder barely misses you.
Casting: Beastly Appendage (safe; 22% risk of failure)
Confirm with . or Enter, or press ? or * to list all spells.
You miscast Beastly Appendage.
You are very lightly contaminated with residual magic.
You smell something strange.
The adder bites you.
* * * LOW HITPOINT WARNING * * *
The adder bites you.
You die...

...≈≈≈≈..# #+#..#
..≈≈≈≈≈..#.....+#.# ..
...≈≈≈............####..
⌠..≈≈≈..................
.........#..............
.............#..........
######## #..........
...# +...S...... ...#
#..@# ...# #...# ...#
#...# ...# ##"## ...#
####+####.#
...####......##.#######
...'..'......+.........
...####......##........
#### #....[..'........


You could see an adder.

Vanquished Creatures
  A gnoll (D:1)
  An adder (D:2)
  5 leopard geckos
  A ball python (D:2)
  5 bats
  2 giant cockroaches
  3 goblins
  6 hobgoblins
  2 jackals (D:1)
  3 kobolds
  A frilled lizard (D:2)
  3 rats
33 creatures vanquished.

Notes
Turn   | Place    | Note
-------+----------+-------------------------------------------
     0 | D:1      | Mgcat the Hill Orc Transmuter began the quest for the Orb.
     0 | D:1      | Reached XP level 1. HP: 16/16 MP: 3/3
    14 | D:1      | HP: 4/16 [hobgoblin/club (8)]
    23 | D:1      | HP: 3/16 [bat (1)]
   256 | D:1      | Reached XP level 2. HP: 13/23 MP: 2/4
   403 | D:1      | Reached skill level 2 in Transmutations
   406 | D:1      | HP: 5/23 [leopard gecko (2)]
   412 | D:1      | Reached XP level 3. HP: 4/28 MP: 2/5
   422 | D:1      | Learned a level 2 spell: Sticks to Snakes
   715 | D:1      | Reached skill level 4 in Unarmed Combat
   997 | D:2      | Found an ancient bone altar of Kikubaaqudgha.
  1276 | D:2      | Reached XP level 4. HP: 23/35 MP: 6/6
  1467 | D:2      | Learned a level 3 spell: Spider Form
  1551 | D:2      | HP: 8/35 [poisoned by an adder]
  1554 | D:2      | HP: 1/35 [adder (5)]
  1554 | D:2      | Slain by an adder

Vault maps used:
D:1:      mrwooster_arrival_arrow
D:2:      kiku_gazebo_pond_becter, old_standard_altar, st_stairs_13

Skill      XL: |  1  2  3 |
---------------+----------+-----
Transmutations | 2 |  2.4
Unarmed Combat | 4 |  4.3
Fighting       | |  1.2
Dodging        | |  1.5
Spellcasting   | |  1.5
Poison Magic   | |  0.1

Action                   |  1- 3 |  4- 6 || total
-------------------------+-------+-------++-------
Melee: Unarmed           |   116 |    47 ||   163
       Kick              |    11 |       ||    11
       Headbutt          |     7 |     2 ||     9
       Punch             |     1 |       ||     1
 Cast: Beastly Appendage |    21 |     2 ||    23
  Eat: Chunk             |     2 |     1 ||     3
Armor: Robe              |    19 |     7 ||    26
Dodge: Dodged            |    69 |    29 ||    98

Table legend:
 A = Spawn XP
 B = Non-spawn XP
 C = Spawn XP percentage of total XP
 D = Spawn monster count
 E = Non-spawn monster count
 F = Spawn count percentage of total count
 G = Total turns spent on level
                    A         B        C        D         E        F      G
               +---------+---------+-------+---------+---------+-------+---------
         Total |       0 |      89 |   0.0 |       0 |      33 |   0.0 |  1554
               +---------+---------+-------+---------+---------+-------+---------
           D:1 |       0 |      46 |   0.0 |       0 |      17 |   0.0 |   873
           D:2 |       0 |      43 |   0.0 |       0 |      16 |   0.0 |   681
               +---------+---------+-------+---------+---------+-------+---------

Vault maps used:
D:1:      mrwooster_arrival_arrow
D:2:      kiku_gazebo_pond_becter, old_standard_altar, st_stairs_13

Table legend:
 A = Turns spent in this place as a percentage of turns spent in the entire game.
 B = Non-inter-level travel turns spent in this place as a percentage of non-inter-level travel turns spent in the entire game.
 C = Inter-level travel turns spent in this place as a percentage of turns spent in this place.
 D = Turns resting spent in this place as a percentage of non-inter-level travel turns spent in this place.
 E = Turns spent auto-exploring this place as a percentage of non-inter-level travel turns spent in this place.
 F = Non-inter-level travel turns spent in this place divided by the number of levels of this place that you've seen.
                   A       B       C       D       E      F
               +-------+-------+-------+-------+-------+----------------------
         Total | 100.0 | 100.0 |   1.5 |   0.0 |  75.9 | 765.0
       Dungeon | 100.0 | 100.0 |   1.5 |   0.0 |  75.9 | 765.0
               +-------+-------+-------+-------+-------+----------------------

Table legend:
 A = Kills in this place as a percentage of kills in entire the game.
 B = Kills by you in this place as a percentage of kills by you in the entire game.
 C = Kills by friends in this place as a percentage of kills by friends in the entire game.
 D = Other kills in this place as a percentage of other kills in the entire game.
 E = Experience gained in this place as a percentage of experience gained in the entire game.
 F = Experience gained in this place divided by the number of levels of this place that you have seen.
                   A       B       C       D       E      F
               +-------+-------+-------+-------+-------+----------------------
         Total | 100.0 | 100.0 |   N/A |   N/A | 100.0 |  44.5
       Dungeon | 100.0 | 100.0 |   N/A |   N/A | 100.0 |  44.5
               +-------+-------+-------+-------+-------+----------------------
